 Dungeon Crawl Stone Soup version 0.27.1-1-g398f81649c (webtiles) character file.

Game seed: 667815520558531161

59 Metae the Shield-Bearer (level 3, 0/33 HPs)
             Began as a Minotaur Fighter on Sept 13, 2021.
             Was a Plaything of Xom.
             Slain by a goblin (4 damage)
             ... led by Robin
             ... on level 2 of the Dungeon.
             The game lasted 00:03:16 (1005 turns).

Metae the Shield-Bearer (Minotaur Fighter)          Turns: 1005, Time: 00:03:19

Health: 0/33       AC:  9    Str: 21    XL:     3   Next: 78%
Magic:  2/2        EV:  7    Int:  5    God:    Xom [..*...]
Gold:   46         SH:  9    Dex:  9    Spells: 2/2 levels left

rFire    . . .     SeeInvis .   a - +0 trident
rCold    . . .     Faith    .   c - +0 kite shield
rNeg     . . .     Spirit   .   b - +0 scale mail
rPois    .         Reflect  .   (helmet restricted)
rElec    .         Harm     .   p - +0 cloak
rCorr    .         Rampage  .   n - +0 pair of gloves
Will     +....                  (no boots)
Stlth    ..........             (no amulet)
HPRegen  0.11/turn              m - ring of willpower
MPRegen  0.08/turn              (no ring)

@: mighty, hasted, very quick
A: horns 2, retaliatory headbutt
a: Renounce Religion


You were on level 2 of the Dungeon.
You worshipped Xom.
You were a toy of Xom.
You visited 1 branch of the dungeon, and saw 2 of its levels.

You collected 46 gold pieces.

Inventory:

Hand Weapons
 a - a +0 trident (weapon)
 k - a +0 hunting sling
Missiles
 j - 16 stones (quivered)
Armour
 b - a +0 scale mail (worn)
 c - a +0 kite shield (worn)
 n - a +0 pair of gloves (worn)
 p - a +0 cloak (worn)
Jewellery
 m - a ring of willpower (left hand)
Scrolls
 e - a scroll of amnesia {unknown}
 g - a scroll of vulnerability {unknown}
 l - a scroll of identify {unknown}
Potions
 f - a potion of mutation {unknown}
 h - a potion of magic {unknown}
 i - a potion of resistance {unknown}
 o - a potion of curing {unknown}


   Skills:
 + Level 4.2 Fighting
 + Level 3.2 Polearms
 + Level 4.2 Armour
 + Level 4.3 Shields


You had 2 spell levels left.
You didn't know any spells.
Your spell library contained the following spells:

 Spells                   Type           Power      Damage    Failure   Level
 Ignite Poison            Fire/Tmut/Pois 0%         N/A       100%        3
 Mephitic Cloud           Conj/Pois/Air  0%         N/A       100%        3
 Bolt of Magma            Conj/Fire/Erth 0%         4d4       100%        5


Dungeon Overview and Level Annotations

Branches:
Dungeon (2/15)

Altars:
Xom

Annotations:
D:2 Robin


Innate Abilities, Weirdness & Mutations

You have a pair of horns on your head.
You reflexively headbutt those who attack you in melee.


Message History

You kill the goblin!
You hit the goblin.
The goblin is moderately wounded.
You block the goblin's attack.
Robin zaps a wand.
Some rock shatters into small pieces.
You closely miss the goblin. Your headbutt misses the goblin.
The goblin is moderately wounded.
You hit the goblin. Your headbutt misses the goblin.
The goblin is heavily wounded.
The goblin no longer looks unusually strong.
The goblin closely misses you. The goblin barely misses you.
You furiously retaliate!
You headbutt the goblin!
You kill the goblin!
The goblin hits you but does no damage. Robin throws the goblin at you!
The goblin hits you with a +0 club. You block the goblin's attack. x2
You hit the goblin.
The goblin is heavily wounded.
You block the goblin's attack. x2; The goblin hits you with a +0 club.
The goblin hits you with a +1 dagger of distortion.
Space bends around you.
You hit the goblin.
You kill the goblin!
The goblin no longer looks unusually strong.
The goblin barely misses you. You furiously retaliate!
You headbutt the goblin. You barely miss the kobold.
You block the goblin's attack. The goblin completely misses you.
The kobold hits you with a +0 short sword.
* * * LOW HITPOINT WARNING * * *
The goblin hits you with a +0 dagger.
* * * LOW HITPOINT WARNING * * *
You feel very mighty all of a sudden. You block the goblin's attack.
The goblin barely misses you.
You barely miss the goblin. Your headbutt misses the goblin.
You block the kobold's attack.
Robin says, "Duck!"
The goblin hits you with a +0 dagger.
* * * LOW HITPOINT WARNING * * *
The goblin hits you with a +0 club.
You die...

..# #.# ..# ## .. ..#
#.####.## +# ..#####
........####. ......#
........##.. ......#
.......).#.#.# †.....#
.......g)#.#.. ......#
......gKgg.#.#
......##########@#..#.#
...........# #g#..#.##
.#<#######.# #.#..#..#
.#.......#.#####.##.#..#
.#.#####.#..†...(..†...##
.#.###<#.#.....##.......+
.#.#...#.#.....##....>..#
.#.....#.#.....##.......#
.#.....#.#.....##.......#


You could see Robin, 4 goblins and a kobold.

Vanquished Creatures
  An adder (D:2)
  A dart slug (D:1)
  3 bats (D:1)
  4 endoplasms (D:1)
  3 giant cockroaches (D:1)
  7 goblins
  5 hobgoblins
  5 kobolds
  2 quokkas
  5 ball pythons
  2 frilled lizards (D:1)
  3 rats (D:1)
41 creatures vanquished.

Notes
Turn   | Place    | Note
-------+----------+-------------------------------------------
     0 | D:1      | Metae the Minotaur Fighter began the quest for the Orb.
     0 | D:1      | Reached XP level 1. HP: 19/19 MP: 0/0
    63 | D:1      | Reached XP level 2. HP: 22/27 MP: 1/1
   645 | D:1      | Reached XP level 3. HP: 33/33 MP: 2/2
   805 | D:2      | Found a shimmering altar of Xom.
   832 | D:2      | Became a worshipper of The Xom-Meister
   984 | D:2      | Noticed Robin
   990 | D:2      | XOM: potion effect (haste)
  1005 | D:2      | Slain by a goblin

Illustrated notes

Levels and vault maps discovered:
D:1:      mushboom_english_gardens, layout_basic
D:2:      layout_basic, basic_altar, uniq_robin, uniq_jessica

Skill      XL: |  1  2 |
---------------+-------+-----
Fighting       | 4 |  4.2
Armour         | 4 |  4.2
Shields        | 4 |  4.3
Polearms       | 3 |  3.2

Action                   || total
-------------------------++-------
Melee: Trident           ||    92
       Headbutt          ||    11
  Use: Potion            ||     1
Armor: Scale mail        ||    24
Dodge: Dodged            ||    25
Block: Kite shield       ||    46
